 Dungeon Crawl Stone Soup version 0.17.1-3-g152610e (webtiles) character file.

11450079 Fartwhistle the Archmage (level 27, 224/224 HPs)
             Began as a High Elf Conjurer on Mar 2, 2016.
             Was the Champion of Vehumet.
             Escaped with the Orb
             ... and 15 runes on Mar 6, 2016!
             The game lasted 18:18:17 (145765 turns).

Fartwhistle the Archmage (High Elf Conjurer)      Turns: 145765, Time: 18:18:17

Health: 224/224    AC: 19    Str: 10    XL:     27
Magic:  52/55      EV: 44    Int: 34    God:    Vehumet [******]
Gold:   16076      SH: 10    Dex: 29    Spells: 13 memorised, 4 levels left

rFire  + + .     SeeInvis +     g - +4 Staff of Dispater
rCold  + + .     Clarity  +     x - +2 robe {Archmagi}
rNeg   + . .     SustAt   +     T - +3 buckler {rC+ rF+}
rPois  +         Gourm    .     i - +0 mask of the Dragon {MR+ Slay+3 SInv}
rElec  +         Spirit   .     K - +2 cloak {rPois}
rCorr  .         Warding  .     q - +2 pair of fencer's gloves {LBl+4 SBl+4 EV+3 Dex+6}
rMut   .         Stasis   .     S - +3 pair of boots of the Harvest {Int+2}
MR     +++++                    B - amulet of the Four Winds {Clar rN+ MR+++}
Stlth  +++.......               R - ring of sustain attributes
                                A - ring of the Demon Prince {*Drain rF+ rC+ Int+4 Dex+2}

@: very slightly contaminated, deflect missiles, almost entirely resistant to
hostile enchantments, fairly stealthy
A: fangs 1, rough black scales 1, agile 1, deterioration 2, mutation resistance
1, shaggy fur 1, electricity resistance, wild magic 1
a: Renounce Religion
0: Orb of Zot
}: 15/15 runes: barnacled, slimy, silver, golden, iron, obsidian, icy, bone,
abyssal, demonic, glowing, magical, fiery, dark, gossamer


You escaped.
You worshipped Vehumet.
Vehumet was exalted by your worship.
You were full.

You visited 18 branches of the dungeon, and saw 95 of its levels.
You visited Pandemonium 3 times, and saw 42 of its levels.
You visited the Abyss 4 times.
You visited 3 bazaars.
You completed 1 ziggurat, and saw 27 of its levels.
You also visited: Ice Cave and Wizlab.

You collected 19451 gold pieces.
You spent 2746 gold pieces at shops.

Inventory:

Hand Weapons
 g - the +4 Staff of Dispater (weapon)
   (You took it off Dispater on level 7 of the Iron City of Dis)
 m - the +8 long sword "Saafudifov" {speed, Stlth+}
   (You took it off a salamander stormcaller on level 5 of the Vaults)

   Attacks with this weapon are significantly faster.
   It makes you more stealthy.
 W - a +9 eudemon blade of holy wrath
Armour
 i - the +0 mask of the Dragon (worn) {MR+ Slay+3 SInv}
   (You found it on level 4 of the Shoals)

   It affects your accuracy and damage with ranged weapons and melee attacks
   (+3).
   It affects your resistance to hostile enchantments.
   It lets you see invisible.
 q - the +2 pair of fencer's gloves (worn) {LBl+4 SBl+4 EV+3 Dex+6}
   (You acquired it on level 14 of the Dungeon)

   It affects your evasion (+3).
   It affects your dexterity (+6).
 x - a +2 robe of the Archmagi (worn)
 I - the +0 pair of gloves of the Turtledove {rC++ rCorr Str-2 Int+2}
   (You bought it in a shop on level 2 of the Vaults)

   It affects your strength (-2).
   It affects your intelligence (+2).
   It greatly protects you from cold.
   It protects you from acid and corrosion.
 K - a +2 cloak of poison resistance (worn)
 S - the +3 pair of boots of the Harvest (worn) {Int+2}
   (You found it on level 3 of the Elven Halls)

   It affects your intelligence (+2).
 T - a +3 buckler of resistance (worn)
Magical Staves
 n - an uncursed staff of power
 r - an uncursed staff of conjuration
 Q - an uncursed staff of energy
 Z - an uncursed staff of wizardry
Jewellery
 f - the ring "Syciggo" {+Blink MP+9}
   (You found it on level 18 of a ziggurat)

   [ring of magical power]

   It affects your magic capacity (+9).
   It lets you blink.
 k - an uncursed amulet of resist mutation
 l - the ring "Xickoal" {MP+9 Str+5 Dex+4}
   (You found it on level 20 of a ziggurat)

   [ring of magical power]

   It affects your strength (+5).
   It affects your dexterity (+4).
   It affects your magic capacity (+9).
 A - the ring of the Demon Prince (left hand) {*Drain rF+ rC+ Int+4 Dex+2}
   (You found it in a wizard's laboratory)

   [ring of protection from fire]

   It affects your intelligence (+4).
   It affects your dexterity (+2).
   It protects you from fire.
   It protects you from cold.
   It causes draining when unequipped.
 B - the amulet of the Four Winds (around neck) {Clar rN+ MR+++}
   (You found it on level 4 of the Shoals)

   [amulet of clarity]

   It provides mental clarity.
   It protects you from negative energy.
   It affects your resistance to hostile enchantments.
 R - a ring of sustain attributes (right hand)
Wands
 j - a wand of teleportation (5)
 w - a wand of digging (10)
 z - a wand of heal wounds (1)
Scrolls
 d - 3 scrolls of summoning
 e - 34 scrolls of teleportation
 h - 58 scrolls of remove curse
 o - 17 scrolls of blinking
 s - 20 scrolls of fog
 y - 3 scrolls of magic mapping
 G - 21 scrolls of recharging
 L - 14 scrolls of amnesia
 Y - 7 scrolls of holy word
Potions
 a - 17 potions of heal wounds
 b - 13 potions of cure mutation
 t - 13 potions of haste
 v - 5 potions of agility
 C - 5 potions of might
 E - 2 potions of invisibility
 F - 8 potions of flight
 M - 29 potions of curing
 N - 4 potions of resistance
 O - 9 potions of brilliance
 V - 4 potions of magic
 X - a potion of cancellation
Miscellaneous
 u - a crystal ball of energy
 J - a legendary deck of changes {drawn: 1}
 P - a disc of storms
 U - a legendary deck of wonders {the Alchemist, drawn: 1}
Comestibles
 c - 47 bread rations
 p - a meat ration


   Skills:
 O Level 27 Fighting
 - Level 20.8(24.8) Long Blades
 O Level 27 Dodging
 - Level 20.0 Stealth
 - Level 4.0 Shields
 O Level 27 Spellcasting
 O Level 27 Conjurations
 - Level 13.1 Charms
 - Level 20.8 Necromancy
 - Level 17.0 Transmutations
 O Level 27 Fire Magic
 - Level 4.2 Ice Magic
 + Level 25.5 Air Magic
 - Level 11.2 Earth Magic
   Level 4.6 Poison Magic
 O Level 27 Evocations


You had 4 spell levels left.
You knew the following spells:

 Your Spells              Type           Power        Failure   Level  Hunger
a - Statue Form           Trmt/Erth      ########.    1%          6    None
b - Tornado               Air            #########.   1%          9    ###....
c - Necromutation         Trmt/Necr      #########.   4%          8    None
e - Deflect Missiles      Chrm/Air       #########.   1%          6    None
f - Bolt of Fire          Conj/Fire      #########.   1%          6    None
g - Haste                 Chrm           ########     2%          6    None
h - Lehudib's Crystal Sp  Conj/Erth      #########.   1%          8    None
i - Ozocubu's Armour      Chrm/Ice       ########     1%          3    None
j - Fire Storm            Conj/Fire      #########.   1%          9    ###....
k - Regeneration          Chrm/Necr      #########.   1%          3    None
l - Passage of Golubria   Tloc           N/A          13%         4    None
m - Blink                 Tloc           N/A          3%          2    None
r - Iron Shot             Conj/Erth      #########.   1%          6    None


Dungeon Overview and Level Annotations

Branches:
Dungeon (15/15)            Temple (1/1) D:6            Lair (8/8) D:10
 Shoals (4/4) Lair:3       Spider (4/4) Lair:4        Slime (6/6) Lair:7
    Orc (4/4) D:10            Elf (3/3) Orc:4        Vaults (5/5) D:13
  Crypt (3/3) Vaults:2       Tomb (3/3) Crypt:3      Depths (5/5) D:15
   Hell (1/1)                 Dis (7/7) Hell            Geh (7/7) Hell
    Coc (7/7) Hell            Tar (7/7) Hell            Zot (5/5) Depths:5

Altars:
Dithmenos
Fedhas
Gozag
Kikubaaqudgha
Makhleb
Nemelex Xobeh
Qazlal
Sif Muna
Trog
Vehumet
Yredelemnul
Zin
The Shining One
Beogh
Jiyva

Shops:
D:4 (   D:7 *   D:12 ?   D:15 :   Orc:3 =   Orc:4 }[!   Vaults:2 [
Vaults:4 :=!::   Depths:4 =(!}

Portals:
Hell: Depths:1 Depths:2 Depths:3 Depths:4 Depths:5
Abyss: Depths:2 Depths:3 Depths:4
Pandemonium: Orc:4 Depths:3
Ziggurat: Depths:1
Trove: Vaults:4 (give +2 gold dragon armour)


Innate Abilities, Weirdness & Mutations

You have very sharp teeth.
You are partially covered in rough black scales (AC +4, Dex -1).
You are agile. (Dex +2)
Your body often deteriorates upon taking damage.
You are somewhat resistant to further mutation.
You are covered in fur (AC +1).
You are resistant to electric shocks.
Your spells are a little harder to cast, but a little more powerful.


Message History

A mysterious force pulls you upwards. The hatch slams shut behind you.
You see here a leather armour.
A rust devil comes into view.
There is a staircase leading out of the dungeon here.
Casting: Tornado
Confirm with . or Enter, or press ? or * to list all spells.
Aiming: Iron Shot
Press: ? - help, Shift-Dir - straight line, f - rust devil
Aim: a rust devil You feel a surge of power!
The iron shot hits the rust devil.
You kill the rust devil!
Vehumet accepts your kill.
You feel your power returning. You block the giant newt's attack.
Wield which item (- for none, * to show all)? (? for menu, Esc to quit)
r - an uncursed staff of conjuration (weapon)
Wield which item (- for none, * to show all)? (? for menu, Esc to quit)
g - the +4 Staff of Dispater (weapon)
You block the giant newt's attack. You block the giant newt's attack.
You have escaped!

......###.......##.##.# ######...
......#.....###.......########...
......#.###.####.........[..(....
###.....#P.............P######...
###.#####≈P...........P≈######...
....# #≈≈P.........P≈≈#........
###.# #≈≈≈P.......P≈≈≈#........
#.# #≈≈≈≈P..l..P≈≈≈≈#........
###.#####≈≈≈≈≈P.@.P≈≈≈≈≈#........
.......##≈≈≈≈P.....P≈≈≈≈#........
.......##≈≈≈P.......P≈≈≈#........
.......##≈≈P.........P≈≈#...[....
.......##≈P..[........P≈##.......
.......##P.............P##.......
.......#######...#######.#.......
.......# #..## #.########
.......# #)## #.#


You could see a giant newt.

Vanquished Creatures
  Cerebov (Pan)
  Antaeus (Coc:7)
  Asmodeus (Geh:7)
  the royal jelly (Slime:6)
  Ereshkigal (Tar:7)
  Gloorx Vloq (Pan)
  9 ancient liches
  The ghost of WereVolvo the Petrodigitator, a legendary GrVM of Vehumet (Zig:26)
  A seraph (Pan)
  the Serpent of Hell (Coc:7)
  Mnoleg (Pan)
  Lom Lobon (Pan)
  Dispater (Dis:7)
  5 orbs of fire
  The ghost of Uhlv the Orcish Barricade, a legendary HOFi of the Shining One (Zig:12)
  Mennas (Depths:5)
  7 juggernauts
  41 greater mummies
  Sojobo (Depths:3)
  11 pandemonium lords
  Frederick (Tomb:3)
  Margery (Vaults:3)
  Norris (Spider:3)
  Saint Roka (Vaults:3)
  6 shard shrikes
  6 Killer Klowns
  A curse toe (Zot:4)
  2 caustic shrikes (Zig:21)
  Geryon (Hell)
  5 golden dragons
  Nikola (Elf:2)
  Jory (Vaults:3)
  2 pearl dragons (Pan)
  15 bone dragons
  Arachne (Spider:3)
  19 Brimstone Fiends
  12 electric golems
  Jorgrun (Vaults:3)
  The ghost of emiel the Warrior, an adept GrAs of Makhleb (Vaults:5)
  46 tentacled monstrosities
  14 Hell Sentinels
  14 liches
  14 Ice Fiends
  5 hellephants
  A moon troll (WizLab)
  Asterion (Elf:3)
  26 Orb Guardians
  36 acid blobs
  9 Shadow Fiends
  7 quicksilver dragons
  10 deep elf master archers
  9 deep elf blademasters
  14 titans
  Murray (Hell)
  12 death cobs
  10 sphinxes
  Polyphemus (Shoals:3)
  A kraken (Shoals:4)
  2 eldritch tentacles
  42 tentacled starspawn
  5 octopode crushers
  11 ancient champions
  2 warmongers (Pan)
  6 tengu reavers
  7 thorn hunters
  Kirke (Spider:1)
  36 Executioners
  26 storm dragons
  12 shadow dragons
  6 draconian monks
  7 revenants
  33 frost giants
  Ilsuiw (Shoals:3)
  20 fire giants
  27 ghost moths
  15 azure jellies
  14 iron dragons
  5 greater nagas (Zig:26)
  Donald (Shoals:3)
  23 daevas (Pan)
  14 deep elf sorcerers
  12 draconian scorchers
  3 orc warlords
  6 draconian zealots
  8 draconian knights
  Louise (D:15)
  27 cacodemons
  2 curse skulls (Pan)
  23 vault wardens
  3 caustic shrike zombies
  43 balrugs
  4 juggernaut zombies
  16 emperor scorpions
  40 angels
  30 very ugly things
  7 draconian shifters
  27 ironheart preservers
  14 draconian annihilators
  5 vampire knights
  22 war gargoyles
  41 stone giants
  2 juggernaut skeletons (Zig:19)
  4 spriggan defenders (Depths:2)
  16 ophanim (Pan)
  47 reapers
  A stone giant (shapeshifter) (Vaults:5)
  8 draconian callers
  4 elemental wellsprings (Coc:7)
  9 salamander firebrands
  14 bennus
  2 caustic shrike skeletons (Zig:27)
  11 green draconians
  32 apis (Pan)
  4 corrupters (Pan)
  11 deep elf demonologists
  7 blood saints (Pan)
  19 deep elf annihilators
  13 white draconians
  8 black draconians
  7 purple draconians
  5 black suns (Pan)
  6 salamander stormcallers
  13 lorocyprocas
  10 chaos champions
  14 yellow draconians
  3 mottled draconians
  4 dire elephants (Zig:21)
  13 eidola
  5 red draconians
  11 deep elf death magi
  35 blizzard demons
  15 merfolk javelineers
  20 ettins
  52 vault guards
  15 death oozes
  5 quicksilver dragon zombies
  22 green deaths
  32 mummy priests
  21 jiangshi
  24 yaktaur captains
  16 great orbs of eyes
  The ghost of HEYYEYAAE the Nimble, a journeyman SpTm of Nemelex Xobeh (Orc:4)
  16 merfolk impalers
  3 quicksilver dragon skeletons
  11 deep elf high priests
  14 rakshasas
  15 entropy weavers
  23 fire dragons
  33 ice dragons
  3 naga warriors
  3 hell beasts (Pan)
  19 ogre magi
  2 merfolk avatars (Shoals:4)
  7 ghost crabs
  14 centaur warriors
  7 monstrous demonspawn (Pan)
  8 spriggan air magi
  6 alligator snapping turtles
  Erica (D:8)
  7 catoblepae
  31 hydras
  15 dancing weapons
  9 deep troll shamans
  3 death knights
  9 merfolk aquamancers
  An anaconda (Zig:26)
  10 death yaks
  15 alligators
  3 satyrs
  7 tengu warriors
  50 sun demons
  15 orc high priests
  A naga sharpshooter (Zig:26)
  14 shock serpents
  6 spriggan berserkers
  8 titan zombies
  16 vampire magi
  13 deep troll earth magi
  34 deep elf knights
  33 thrashing horrors
  4 storm dragon zombies
  A shock serpent (shapeshifter) (Vaults:5)
  16 iron golems
  15 hell hogs
  Sonja (Lair:3)
  3 titan skeletons
  14 shadow wraiths
  17 iron trolls
  33 ice devils
  32 wretched stars
  3 death drakes
  3 fire crabs
  44 deep trolls
  102 skeletal warriors
  8 storm dragon skeletons
  55 death scarabs
  23 soul eaters
  51 hell knights
  9 sea snakes
  An unseen horror (shapeshifter) (Vaults:1)
  7 spatial maelstroms
  2 salamander mystics
  2 kraken simulacra
  2 orange crystal statues
  6 golden dragon zombies
  15 deep elf summoners
  A giant orange brain (shapeshifter) (Zig:11)
  10 putrid demonspawn
  A lindwurm (shapeshifter) (Depths:5)
  8 unseen horrors
  10 torturous demonspawn
  8 shadow dragon zombies
  25 giant orange brains
  17 shadow demons
  8 gelid demonspawn
  6 anaconda zombies
  A swamp dragon (shapeshifter) (Zig:11)
  15 necromancers
  A sea snake (shapeshifter) (Vaults:1)
  13 flayed ghosts
  12 hill giants
  A death drake (shapeshifter) (Zig:11)
  2 obsidian statues
  2 shambling mangroves
  18 cherubim (Pan)
  5 tengu zombies
  7 anubis guards
  11 wizards
  9 swamp dragons
  14 ironbrand convokers
  24 orc knights
  10 harpies
  2 mana vipers (Zig:16)
  3 lindwurms
  A golden dragon skeleton (Geh:7)
  10 infernal demonspawn
  2 sphinx zombies
  39 orb spiders
  An orb spider (shapeshifter) (Vaults:4)
  29 deep elf conjurers
  58 wolf spiders
  5 spectral fire dragons (Crypt:2)
  4 wolf spider zombies
  4 iron dragon zombies
  112 large abominations
  4 anaconda skeletons
  32 phantasmal warriors
  A frost giant zombie (Coc:5)
  13 salamanders
  2 tengu skeletons (Zig:19)
  5 oklob plants
  8 fire giant zombies
  23 hornets
  4 stone giant zombies
  A hornet (shapeshifter) (Abyss:4)
  3 spectral ice dragons (Crypt:2)
  18 griffons
  7 orc sorcerers
  3 shadow dragon skeletons
  9 shining eyes
  45 sixfirhies
  A sphinx skeleton (Vaults:3)
  7 cyclopes
  8 manticores
  7 water nymphs
  3 fauns
  9 worldbinders
  31 moths of wrath
  8 centaur zombies
  84 ugly things
  A black mamba (shapeshifter) (Zig:25)
  5 dire elephant zombies
  2 iron dragon skeletons (Coc:7)
  A stone giant skeleton (Geh:2)
  Maurice (Orc:2)
  4 fire giant skeletons
  A spiny frog (shapeshifter) (Zig:25)
  2 naga magi (Zig:26)
  61 smoke demons
  23 vault sentinels
  An octopode (shapeshifter) (Vaults:5)
  5 frost giant skeletons
  10 guardian serpents
  8 sirens
  5 ice statues
  A shock serpent zombie (Dis:1)
  10 eyes of devastation
  44 rust devils
  2 shock serpent skeletons
  Psyche (D:11)
  5 torpor snails
  6 apocalypse crabs
  A white draconian zombie (Tar:4)
  8 molten gargoyles (Geh:7)
  3 dire elephant skeletons
  An alligator snapping turtle zombie (Crypt:1)
  12 efreet
  7 black mambas
  3 gargoyles
  24 hellions
  15 komodo dragons
  4 emperor scorpion zombies
  31 spiny frogs
  46 tormentors
  50 orange demons
  36 demonic crawlers
  An alligator snapping turtle skeleton (Crypt:2)
  A komodo dragon (shapeshifter) (Abyss:1)
  31 hellwings
  A purple draconian skeleton (Pan)
  7 spriggan druids
  17 ancient zymes
  A golden dragon simulacrum (Depths:2)
  3 harpy zombies
  41 red devils
  7 kobold demonologists
  57 guardian mummies
  8 fire drakes
  A grey draconian skeleton (Crypt:2)
  2 silent spectres (Abyss:1)
  A pale draconian skeleton (Crypt:3)
  A yellow draconian skeleton (Crypt:2)
  10 hydra zombies
  70 yaktaurs
  2 wind drakes (Shoals:4)
  19 freezing wraiths
  41 jumping spiders
  11 trolls
  21 polar bears
  8 tengu conjurers
  8 snapping turtles
  28 deep elf priests
  A wind drake (shapeshifter) (Elf:1)
  59 raiju
  16 bog bodies
  32 merfolk
  4 hydra skeletons
  29 two-headed ogres
  2 two-headed ogres (shapeshifter)
  A tengu simulacrum (Vaults:3)
  A fire drake (shapeshifter) (Vaults:5)
  A sphinx simulacrum (Depths:2)
  8 giant leeches
  2 fire dragon zombies
  21 blue devils
  A jumping spider zombie (Crypt:1)
  18 boulder beetles
  A harpy skeleton (Coc:5)
  A slime creature (shapeshifter) (Depths:2)
  An alligator zombie (Coc:7)
  5 ice dragon zombies
  39 blink frogs
  5 spriggan zombies
  5 ettin zombies
  An iron dragon simulacrum (Abyss:1)
  109 slime creatures
  17 ushabtiu
  A fire giant simulacrum (Coc:7)
  2 fire dragon skeletons
  70 flying skulls
  A black mamba zombie (Geh:2)
  A trapdoor spider (shapeshifter) (Vaults:2)
  12 shadows
  9 water elementals
  28 trapdoor spiders
  42 ynoxinuls
  81 redbacks
  24 vampires
  6 ice dragon skeletons
  2 alligator skeletons
  A centaur simulacrum (D:15)
  48 deep elf magi
  6 ettin skeletons
  67 yaks
  5 elf zombies
  3 spriggan skeletons
  41 tarantellas
  A salamander simulacrum (Vaults:3)
  44 wraiths
  An elf simulacrum (Zig:14)
  22 spriggans
  A wyvern (shapeshifter) (D:14)
  A human (Spider:1)
  55 small abominations
  4 fire bats (Abyss:2)
  35 vampire mosquitoes
  A wyvern (D:12)
  6 fire elementals
  Grum (D:11)
  An emperor scorpion simulacrum (Coc:5)
  8 air elementals (Zig:24)
  5 basilisks
  55 deep elf fighters
  58 neqoxecs
  18 hippogriffs
  A yellow draconian simulacrum (Tomb:1)
  28 golden eyes
  18 chaos spawn
  3 elf skeletons (Zig:13)
  4 spatial vortices
  2 hogs (Spider:1)
  A human (shapeshifter) (Depths:3)
  7 hungry ghosts
  A harpy simulacrum (Depths:4)
  A yaktaur simulacrum (Vaults:2)
  7 wargs
  2 mottled dragons
  A hippogriff (shapeshifter) (Depths:2)
  A merfolk zombie (Tar:7)
  3 soldier ants
  A faun zombie (Crypt:1)
  12 insubstantial wisps
  3 spiny frog zombies
  51 wolves
  53 spiders
  37 hell hounds
  A hydra simulacrum (Coc:7)
  16 water moccasins
  An alligator simulacrum (Coc:7)
  7 phantoms
  A water nymph skeleton (Crypt:2)
  58 orc warriors
  8 porcupines
  A sky beast (Abyss:2)
  9 ice beasts
  4 spiny frog skeletons
  18 eyes of draining
  8 black bears
  24 wasps
  A minotaur simulacrum (Coc:7)
  A manticore zombie (Dis:7)
  2 snapping turtle zombies
  8 swamp drakes
  An eye of draining (shapeshifter) (Vaults:5)
  20 necrophages
  A swamp dragon zombie (Crypt:2)
  34 boggarts
  A crocodile (shapeshifter) (Vaults:2)
  A manticore skeleton (Geh:7)
  9 centaurs
  2 swamp dragon skeletons
  2 ettin simulacra
  62 ogres
  A snapping turtle skeleton (Geh:7)
  21 crocodiles
  An octopode zombie (Crypt:1)
  13 big kobolds
  A giant frog (shapeshifter) (Abyss:2)
  22 giant frogs
  A gnoll sergeant (D:6)
  7 brain worms
  A wyvern zombie (D:13)
  A wyvern skeleton (D:11)
  A water moccasin zombie (Crypt:1)
  14 killer bees
  28 wights
  3 scorpions
  A snapping turtle simulacrum (Abyss:1)
  A troll skeleton (Abyss:2)
  2 lava snakes
  5 electric eels
  16 crimson imps
  82 starcursed masses
  2 giant frog zombies
  A gnoll shaman (Zig:12)
  14 hounds
  9 quasits
  5 human zombies
  A soldier ant zombie (Crypt:2)
  47 jellies
  35 orc priests
  3 centaur skeletons
  6 iguanas
  46 iron imps
  A porcupine zombie (Crypt:1)
  3 human skeletons (Crypt:1)
  27 orc wizards
  A worker ant (shapeshifter) (Elf:3)
  A lightning spire (Zig:8)
  8 worker ants
  A porcupine skeleton (Crypt:1)
  A killer bee zombie (D:8)
  14 sheep
  A naga skeleton (Pan)
  3 ogre zombies
  A crocodile zombie (Crypt:3)
  A deep dwarf skeleton (Crypt:3)
  84 mummies
  A worker ant zombie (D:6)
  9 adders
  7 gnolls
  16 shadow imps
  41 river rats
  33 white imps
  10 ufetubi
  An ooze (D:2)
  An adder zombie (Crypt:3)
  3 adder skeletons
  4 worms
  4 giant geckos
  228 orcs
  10 giant cockroaches
  5 goblins
  11 hobgoblins
  7 jackals
  4 quokkas
  A ball python (D:1)
  8 bats
  3 giant newts
  25 kobolds
  A kobold zombie (Crypt:3)
  A quokka skeleton (Crypt:1)
  11 rats
  14 briar patches (Zig:23)
  4 bushes (Lair:8)
  3 crawling corpses (Zig:25)
  58 fire vortices
  A fungus (Lair:8)
  3 lost souls
  A lurking horror (Abyss:2)
  20 plants
  15 starspawn tentacles
  A starspawn tentacle segment (WizLab)
  A tentacle (Hell)
7034 creatures vanquished.

Vanquished Creatures (collateral kills)
  Khufu (Tomb:1)
  A juggernaut (Zig:20)
  2 greater mummies (Tomb:1)
  A bone dragon (Abyss:2)
  A tentacled monstrosity (Depths:2)
  A deep elf blademaster (Zig:25)
  A tentacled starspawn (Abyss:1)
  An octopode crusher (Zig:26)
  A storm dragon (Zig:24)
  A draconian monk (Zot:3)
  A daeva (Pan)
  A vault warden (Vaults:4)
  An emperor scorpion (Zig:15)
  2 very ugly things
  An orc warlord (Zig:12)
  An ophan (Pan)
  A draconian annihilator (Zot:1)
  An apis (Pan)
  A dire elephant (Zig:21)
  A red draconian (Depths:5)
  3 vault guards (Vaults:5)
  An alligator snapping turtle (Zig:26)
  A titan zombie (Zig:14)
  A sun demon (Hell)
  A skeletal warrior (Hell)
  A storm dragon skeleton (Zig:19)
  2 death scarabs
  A cherub (Pan)
  A kraken simulacrum (Hell)
  2 starcursed masses (Abyss:1)
  A shambling mangrove (Zig:18)
  An obsidian statue (Zig:16)
  A shadow dragon skeleton (Tar:2)
  A frost giant zombie (Zig:9)
  An ugly thing (Vaults:4)
  2 spiny frogs
  2 blue devils (Hell)
  A jumping spider (Vaults:4)
  A tarantella (Zig:22)
  A redback (Vaults:4)
  A flying skull (Tomb:3)
  A trapdoor spider (Zig:10)
  A deep elf mage (Zig:25)
  A neqoxec (Abyss:2)
  A hippogriff (Zig:21)
  2 vampire mosquitoes
  A swamp drake (Zig:18)
  An ogre (Zig:12)
  An orc warrior (Zig:12)
  A small abomination (Abyss:2)
  2 jellies (Zig:17)
  A sheep (Zig:21)
  5 mummies
  A white imp (Abyss:2)
  6 orcs (Zig:12)
  2 briar patches (Zig:23)
  5 crawling corpses (Zig:25)
  A lurking horror (Abyss:2)
  A starspawn tentacle (Abyss:2)
83 creatures vanquished.

Vanquished Creatures (others)
  3 eldritch tentacles
  A tengu reaver (Depths:3)
  A hydra (Zig:23)
  A tengu warrior (D:15)
  A skeletal warrior (Tomb:2)
  A shadow wraith (Vaults:5)
  31 death scarabs
  An orc knight (Zot:5)
  A stone giant skeleton (Tomb:1)
  A moth of wrath (Zot:5)
  A spiny frog (Zig:23)
  A komodo dragon (D:15)
  A giant leech (Zig:23)
  A guardian mummy (Tomb:2)
  A tengu conjurer (D:15)
  13 flying skulls
  A wraith (Geh:7)
  3 large abominations
  A deep elf fighter (Vaults:4)
  2 humans (Spider:1)
  2 golden eyes (Abyss:2)
  A spiny frog skeleton (Geh:6)
  A brain worm (Abyss:2)
  6 small abominations
  A jelly (Slime:4)
  2 mummies (Tomb:1)
  5 briar patches (Zig:23)
  415 eldritch tentacle segments
  1055 fire vortices
  14 fungi
  4 lost souls
  A lurking horror (Abyss:2)
  39 plants
  65 starspawn tentacles
  293 starspawn tentacle segments
  19 tentacles
  146 tentacle segments
2136 creatures vanquished.

Grand Total: 9253 creatures vanquished

Notes
Turn   | Place    | Note
--------------------------------------------------------------
     0 | D:1      | Fartwhistle the High Elf Conjurer began the quest for the Orb.
     0 | D:1      | Reached XP level 1. HP: 11/11 MP: 4/4
   294 | D:1      | Reached XP level 2. HP: 17/17 MP: 4/6
   974 | D:2      | Learned a level 2 spell: Searing Ray
  1182 | D:2      | Reached XP level 3. HP: 21/21 MP: 6/9
  1555 | D:2      | Reached skill level 5 in Conjurations
  2132 | D:3      | Reached XP level 4. HP: 21/27 MP: 2/11
  2338 | D:3      | Found a sparkling altar of Nemelex Xobeh.
  3036 | D:3      | Found a deep blue altar of Sif Muna.
  3307 | D:4      | Reached XP level 5. HP: 31/31 MP: 3/12
  3421 | D:4      | Found Eplah's Weapon Boutique.
  3682 | D:4      | Learned a level 5 spell: Iskenderun's Battlesphere
  3702 | D:4      | Found a basalt altar of Yredelemnul.
  3714 | D:4      | Found a blossoming altar of Fedhas.
  3823 | D:5      | Entered Level 5 of the Dungeon
  3866 | D:5      | Noticed a phantom
  4061 | D:5      | Killed a phantom
  4061 | D:5      | Reached skill level 5 in Spellcasting
  4061 | D:5      | Reached skill level 6 in Conjurations
  4061 | D:5      | Reached skill level 1 in Charms
  4061 | D:5      | Reached XP level 6. HP: 29/36 MP: 2/14
  5040 | D:6      | Found a staircase to the Ecumenical Temple.
  5049 | Temple   | Entered the Ecumenical Temple
  5078 | Temple   | Became a worshipper of Vehumet
  5129 | D:6      | Found a blossoming altar of Fedhas.
  5376 | D:6      | Reached XP level 7. HP: 41/41 MP: 11/17
  5615 | D:6      | Reached skill level 7 in Conjurations
  6151 | D:7      | Found Zin's Purification Station.
  6152 | D:7      | Found a glowing silver altar of Zin.
  6713 | D:7      | Reached XP level 8. HP: 38/46 MP: 11/19
  6821 | D:7      | Found a burning altar of Makhleb.
  6825 | D:7      | Reached skill level 5 in Charms
  7034 | D:8      | Reached * piety under Vehumet
  7034 | D:8      | Offered knowledge of Shock by Vehumet.
  7034 | D:8      | Reached skill level 8 in Conjurations
  7705 | D:7      | Reached skill level 9 in Conjurations
  8209 | D:8      | Reached XP level 9. HP: 51/51 MP: 13/23
  8384 | D:8      | Offered knowledge of Throw Flame by Vehumet.
  8422 | D:7      | Reached ** piety under Vehumet
  8422 | D:7      | Reached skill level 1 in Fighting
  8632 | D:8      | Reached skill level 10 in Conjurations
  8909 | D:8      | Noticed Erica
  9672 | D:8      | Killed Erica
  9672 | D:8      | Reached skill level 10 in Spellcasting
  9777 | D:9      | Reached XP level 10. HP: 43/63 MP: 12/25
  9861 | D:9      | Learned a level 6 spell: Bolt of Fire
 10006 | D:9      | Offered knowledge of Static Discharge by Vehumet.
 10144 | D:9      | Reached skill level 1 in Fire Magic
 10314 | D:8      | Reached skill level 5 in Dodging
 10765 | D:9      | Reached *** piety under Vehumet
 11180 | D:9      | Found a shadowy altar of Dithmenos.
 11270 | D:9      | Found an opulent altar of Gozag.
 11323 | D:9      | Found a stormy altar of Qazlal.
 11415 | D:9      | Reached skill level 11 in Conjurations
 11428 | D:9      | Offered knowledge of Olgreb's Toxic Radiance by Vehumet.
 11690 | D:10     | Entered Level 10 of the Dungeon
 12099 | D:10     | Reached skill level 5 in Fighting
 12250 | D:10     | Found a staircase to the Orcish Mines.
 12286 | D:10     | Noticed an oklob plant
 12518 | D:10     | Reached **** piety under Vehumet
 12524 | D:10     | Found a staircase to the Lair.
 12562 | D:10     | Learned a level 2 spell: Repel Missiles
 12592 | D:10     | Killed an oklob plant
 12592 | D:10     | Reached skill level 5 in Fire Magic
 12786 | D:10     | Reached XP level 11. HP: 72/72 MP: 16/26
 13096 | Lair:1   | Entered Level 1 of the Lair of Beasts
 13448 | Lair:1   | Got a bone rapier
 13520 | Lair:1   | Offered knowledge of Venom Bolt by Vehumet.
 14199 | Lair:2   | Noticed an eight-headed hydra
 14204 | Lair:2   | Killed an eight-headed hydra
 14255 | Lair:2   | Learned a level 4 spell: Force Lance
 14537 | Lair:2   | Identified the +3 rapier of Termination {pierce, +Fly rF+ Str+2} (You found it on level 1 of the Lair of Beasts)
 15498 | Lair:3   | Found a frozen archway.
 15499 | Lair:3   | Noticed a four-headed hydra
 15509 | Lair:3   | Killed a four-headed hydra
 15547 | IceCv    | Entered an ice cave
 15807 | IceCv    | Reached skill level 12 in Conjurations
 16679 | IceCv    | Reached XP level 12. HP: 80/80 MP: 24/28
 16904 | IceCv    | Reached ***** piety under Vehumet
 16904 | IceCv    | Offered knowledge of Conjure Ball Lightning by Vehumet.
 17402 | IceCv    | Noticed a frost giant
 17787 | IceCv    | Killed a frost giant
 18149 | Lair:3   | Noticed Sonja
 18153 | Lair:3   | Killed Sonja
 18400 | Lair:3   | Found a staircase to the Shoals.
 18826 | Lair:3   | Identified a scroll of acquirement
 18833 | Lair:3   | Gained mutation: Your spells are a little harder to cast, but a little more powerful. [potion of beneficial mutation]
 19120 | Lair:4   | Noticed a five-headed hydra
 19120 | Lair:4   | Noticed a five-headed hydra
 19124 | Lair:4   | Killed a five-headed hydra
 19129 | Lair:4   | Killed a five-headed hydra
 19313 | Lair:4   | Found a hole to the Spider Nest.
 19792 | Lair:4   | Reached skill level 10 in Fire Magic
 20119 | Lair:5   | Got a slimy robe
 20122 | Lair:5   | Reached XP level 13. HP: 88/88 MP: 30/30
 20134 | Lair:5   | Identified the +2 robe of Ennui {Str+5} (You found it on level 5 of the Lair of Beasts)
 20848 | Lair:5   | Offered knowledge of Spellforged Servitor by Vehumet.
 21201 | Lair:6   | Reached skill level 13 in Conjurations
 22153 | Lair:7   | Found a runed door.
 22154 | Lair:7   | Found a viscous altar of Jiyva.
 22154 | Lair:7   | Found a staircase to the Slime Pits.
 22154 | Lair:7   | Noticed an acid blob
 22154 | Lair:7   | Noticed an acid blob
 22351 | Lair:7   | Offered knowledge of Lee's Rapid Deconstruction by Vehumet.
 23250 | Lair:8   | Entered Level 8 of the Lair of Beasts
 23255 | Lair:8   | Reached XP level 14. HP: 97/97 MP: 32/32
 23329 | Lair:8   | Reached skill level 10 in Dodging
 23485 | Lair:8   | Reached skill level 1 in Shields
 23497 | Lair:8   | Offered knowledge of Bolt of Draining by Vehumet.
 23597 | Lair:8   | Gained mutation: You are covered in fur (AC +1). [potion of beneficial mutation]
 23641 | Lair:8   | Learned a level 5 spell: Bolt of Draining
 24012 | Lair:8   | Got a shimmering battleaxe
 24014 | Lair:8   | Identified the +8 battleaxe "Tenk" {antimagic, rC+} (You found it on level 8 of the Lair of Beasts)
 24155 | Lair:8   | Reached skill level 14 in Conjurations
 24156 | Lair:8   | Reached skill level 1 in Necromancy
 25522 | D:11     | Found a bloodstained altar of Trog.
 25533 | D:11     | Noticed Grum
 25576 | D:11     | Killed Grum
 25805 | D:11     | Offered knowledge of Poisonous Cloud by Vehumet.
 25814 | D:11     | Learned a level 6 spell: Poisonous Cloud
 25900 | D:11     | Noticed Psyche
 25900 | D:11     | Killed Psyche
 26010 | D:11     | Reached skill level 1 in Poison Magic
 26018 | D:11     | Reached skill level 1 in Air Magic
 26532 | D:12     | Found Cousigoe's Magic Scroll Emporium.
 26543 | D:12     | Bought a scroll of identify for 24 gold pieces
 26543 | D:12     | Bought a scroll of identify for 24 gold pieces
 26543 | D:12     | Bought a scroll of amnesia for 42 gold pieces
 26543 | D:12     | Bought a scroll of identify for 24 gold pieces
 26559 | D:12     | Bought a scroll of identify for 24 gold pieces
 26564 | D:12     | Bought a scroll of identify for 24 gold pieces
 28077 | D:13     | Got a faintly glowing dagger
 28078 | D:13     | Identified the +4 dagger "X" {pierce, rC+ Dex+2} (You found it on level 13 of the Dungeon)
 28449 | D:13     | Reached ****** piety under Vehumet
 28449 | D:13     | Offered knowledge of Iron Shot by Vehumet.
 28452 | D:13     | Reached XP level 15. HP: 103/103 MP: 33/33
 28460 | D:13     | Learned a level 6 spell: Iron Shot
 28655 | D:13     | Found a gate to the Vaults.
 28906 | D:14     | Reached skill level 1 in Earth Magic
 28928 | D:14     | Found Epli's Gadget Emporium.
 29630 | D:14     | Reached skill level 5 in Air Magic
 29853 | D:15     | Entered Level 15 of the Dungeon
 29890 | D:15     | Found Imymeot's Book Emporium.
 30019 | D:15     | Reached skill level 15 in Conjurations
 30148 | D:15     | Gained mutation: You are resistant to electric shocks. [potion of beneficial mutation]
 30258 | D:15     | Noticed Louise
 30263 | D:15     | Killed Louise
 30381 | D:15     | Found a staircase to the Depths.
 31206 | Orc:1    | Entered Level 1 of the Orcish Mines
 31393 | Orc:1    | Offered knowledge of Freezing Cloud by Vehumet.
 31421 | Orc:1    | Learned a level 6 spell: Freezing Cloud
 31577 | Orc:1    | Found a roughly hewn altar of Beogh.
 31969 | Orc:2    | Noticed Maurice
 32088 | Orc:2    | Killed Maurice
 32496 | Orc:3    | Found Fonyduv's Jewellery Boutique.
 33183 | Orc:4    | Entered Level 4 of the Orcish Mines
 33259 | Orc:4    | Noticed HEYYEYAAE's ghost (journeyman SpTm)
 33266 | Orc:4    | Killed HEYYEYAAE's ghost
 33328 | Orc:4    | Found a staircase to the Elven Halls.
 33421 | Orc:4    | Offered knowledge of Fire Storm by Vehumet.
 33421 | Orc:4    | Offered knowledge of Chain Lightning by Vehumet.
 33421 | Orc:4    | Offered knowledge of Tornado by Vehumet.
 33619 | Orc:4    | Found Fuavosocont's Distillery.
 33640 | Orc:4    | Reached skill level 1 in Ice Magic
 33653 | Orc:4    | Found Fan Saoj's General Store.
 34551 | Orc:4    | Bought a potion of haste for 150 gold pieces
 34551 | Orc:4    | Bought a potion of heal wounds for 75 gold pieces
 34698 | Orc:4    | Reached skill level 5 in Earth Magic
 35281 | Orc:4    | Reached XP level 16. HP: 77/109 MP: 30/35
 35283 | Orc:4    | Found Joij's Gadget Shoppe.
 35283 | Orc:4    | Found a one-way gate leading to the halls of Pandemonium.
 35283 | Orc:4    | Found Norejun's Antique Armour Emporium.
 35526 | Orc:4    | Bought a pair of embroidered boots for 108 gold pieces
 35775 | Spider:1 | Entered Level 1 of the Spider Nest
 36014 | Spider:1 | Noticed Kirke
 36152 | Spider:1 | Killed Kirke
 36908 | Shoals:1 | Entered Level 1 of the Shoals
 37313 | Shoals:1 | Found a glowing golden altar of the Shining One.
 37694 | Shoals:1 | Found a radiant altar of Vehumet.
 38480 | Shoals:2 | Reached skill level 10 in Fighting
 38799 | Shoals:3 | Noticed Polyphemus
 38893 | Shoals:3 | Noticed Ilsuiw
 38909 | Shoals:3 | Killed Polyphemus
 38912 | Shoals:3 | Reached skill level 16 in Conjurations
 39421 | Shoals:3 | Reached skill level 15 in Spellcasting
 39618 | Shoals:3 | Killed Ilsuiw
 39905 | Shoals:3 | Noticed Donald
 39911 | Shoals:3 | Killed Donald
 40089 | Shoals:4 | Entered Level 4 of the Shoals
 40315 | Shoals:4 | Reached XP level 17. HP: 116/116 MP: 12/37
 41268 | Shoals:4 | Got a barnacled rune of Zot
 41868 | Shoals:4 | Learned a level 3 spell: Ozocubu's Armour
 44415 | Spider:3 | Noticed Norris
 44432 | Spider:3 | Killed Norris
 44650 | Spider:3 | Noticed Arachne
 44655 | Spider:3 | Killed Arachne
 44655 | Spider:3 | Reached skill level 17 in Conjurations
 44655 | Spider:3 | Reached XP level 18. HP: 126/126 MP: 32/38
 45904 | Spider:4 | Entered Level 4 of the Spider Nest
 45954 | Spider:4 | Reached skill level 15 in Fire Magic
 48007 | Spider:4 | Got a gossamer rune of Zot
 48353 | Elf:1    | Entered Level 1 of the Elven Halls
 48532 | Elf:1    | You fall through a shaft!
 48549 | Elf:2    | Found a runed gate.
 48549 | Elf:2    | Found a runed gate.
 48549 | Elf:2    | Found a runed gate.
 48652 | Elf:2    | Found a magical portal.
 48686 | WizLab   | Entered Lehudib's Moon Base
 49295 | WizLab   | Reached skill level 18 in Conjurations
 49447 | WizLab   | Reached XP level 19. HP: 133/133 MP: 40/40
 49475 | WizLab   | Gained mutation: Your body sometimes deteriorates upon taking damage. [a cacodemon]
 49808 | WizLab   | Gained mutation: You are agile. (Dex +2) [potion of beneficial mutation]
 51653 | WizLab   | Got a pitted golden ring
 51654 | WizLab   | Identified the ring of the Demon Prince {*Drain rF+ rC+ Int+4 Dex+2} (You found it in a wizard's laboratory)
 51709 | WizLab   | Got a dazzling glaive
 52186 | Elf:2    | Identified the +10 glaive "Gos Vafo" {vamp, MP-9 Int+6} (You found it in a wizard's laboratory)
 52600 | Elf:2    | Noticed Nikola
 52605 | Elf:2    | Killed Nikola
 54001 | Elf:3    | Entered Level 3 of the Elven Halls
 54689 | Elf:3    | Noticed Asterion
 54702 | Elf:3    | Killed Asterion
 54990 | Elf:3    | Reached XP level 20. HP: 141/143 MP: 35/42
 56048 | Elf:3    | Got a pair of fine boots
 56049 | Elf:3    | Identified the +3 pair of boots of the Harvest {Int+2} (You found it on level 3 of the Elven Halls)
 56076 | Elf:3    | Learned a level 9 spell: Fire Storm
 56121 | Elf:3    | Identified Sif Muna's Reference Book on Entrancing Confrontation
 56142 | Elf:3    | Got a heavily runed scale mail
 56144 | Elf:3    | Identified the +2 scale mail of Tontecutze {+Inv rN+ Regen+ Dex+3} (You found it on level 3 of the Elven Halls)
 56170 | Elf:3    | Got a brightly glowing morningstar {venom}
 56172 | Elf:3    | Identified the +8 morningstar of Hard Scrabble {venom, rC+++} (You took it off a deep elf mage on level 3 of the Elven Halls)
 56177 | Elf:3    | Got an ancient trident {pierce}
 56178 | Elf:3    | Identified the +3 trident "Mearur" {pierce, Str+3} (You took it off a deep elf fighter on level 3 of the Elven Halls)
 56668 | Vaults:1 | Entered Level 1 of the Vaults
 56677 | Vaults:1 | Reached skill level 19 in Conjurations
 56805 | Vaults:1 | Found a flickering gateway to a bazaar.
 56811 | Bazaar   | Entered a bazaar
 56825 | Bazaar   | Found Podonat's Jewellery Shoppe.
 56840 | Bazaar   | Found Ylail's Weapon Shoppe.
 56840 | Bazaar   | Found Qotiwk's Book Emporium.
 56852 | Bazaar   | Bought a book of Enchantments for 600 gold pieces
 56866 | Bazaar   | Found Falaps's Jewellery Emporium.
 57583 | Vaults:1 | Got a sparkling bronze amulet
 57861 | Vaults:1 | Identified the amulet "Cal Wui" {Faith Int+2} (You took it off a deep elf knight on level 1 of the Vaults)
 58947 | Vaults:1 | Got a pair of steaming gloves
 58948 | Vaults:1 | Identified the +1 pair of gloves of Ethics {rElec} (You acquired it on level 1 of the Vaults)
 59674 | Vaults:1 | Reached XP level 21. HP: 150/150 MP: 43/43
 60157 | Vaults:2 | Found a staircase to the Crypt.
 60470 | Vaults:2 | Reached skill level 15 in Fighting
 61153 | Vaults:2 | Found Urosox's Armour Boutique.
 61179 | Vaults:2 | Reached skill level 20 in Conjurations
 61387 | Vaults:2 | Noticed Jorgrun
 61495 | Vaults:2 | Gained mutation: You are partially covered in rough black scales (AC +4, Dex -1). [potion of beneficial mutation]
 62587 | Vaults:2 | Learned a level 3 spell: Regeneration
 62593 | Vaults:2 | Identified the Papyrus of the Creative Traveller
 63009 | Vaults:3 | Found a flickering gateway to a bazaar.
 63015 | Vaults:3 | Killed Jorgrun
 63033 | Bazaar   | Entered a bazaar
 63086 | Bazaar   | Found Tufisay's General Store.
 63086 | Bazaar   | Found Voihowu's Distillery.
 63104 | Bazaar   | Bought a potion of curing for 27 gold pieces
 63104 | Bazaar   | Bought a potion of heal wounds for 45 gold pieces
 63104 | Bazaar   | Bought 2 potions of haste for 180 gold pieces
 63104 | Bazaar   | Bought a potion of flight for 27 gold pieces
 63104 | Bazaar   | Bought a potion of heal wounds for 45 gold pieces
 63104 | Bazaar   | Bought a potion of heal wounds for 45 gold pieces
 63122 | Bazaar   | Found Tawi's General Store.
 63122 | Bazaar   | Found Ohacihim's Weapon Emporium.
 63371 | Vaults:3 | Noticed Jory
 63377 | Vaults:3 | Killed Jory
 63380 | Vaults:3 | Noticed Margery
 63397 | Vaults:3 | Killed Margery
 63640 | Vaults:3 | Noticed Saint Roka
 63652 | Vaults:3 | Killed Saint Roka
 63812 | Vaults:3 | Reached XP level 22. HP: 157/157 MP: 45/45
 63900 | Vaults:3 | Learned a level 6 spell: Haste
 65132 | Vaults:3 | Reached skill level 21 in Conjurations
 66055 | Vaults:3 | Got a warped amber ring
 66057 | Vaults:3 | Identified the ring of Liazuk {MR+ Dex+2} (You took it off an orc on level 3 of the Vaults)
 66284 | Vaults:4 | Found Oxeng's Book Boutique.
 66529 | Vaults:4 | Found Illupp's Book Shop.
 66531 | Vaults:4 | Found Omiveep's Jewellery Emporium.
 66534 | Vaults:4 | Found Ruiliopp's Distillery.
 66551 | Vaults:4 | Bought a potion of haste for 180 gold pieces
 67038 | Vaults:4 | Got a warped robe
 67039 | Vaults:4 | Identified the +2 robe "Keotilim" {rN+} (You found it on level 4 of the Vaults)
 67166 | Vaults:4 | Found Qumenoj's Book Shop.
 67179 | Vaults:4 | Found a portal to a secret trove of treasure.
 67686 | Vaults:4 | Reached XP level 23. HP: 162/162 MP: 47/47
 68318 | Depths:1 | Entered Level 1 of the Depths
 68466 | Depths:1 | Found a gateway to Hell.
 68475 | Depths:1 | Found a runed door.
 68513 | Depths:1 | Found a gateway to a ziggurat.
 69332 | Depths:1 | Identified Fok Uheh's Catalogue of Cold
 69480 | Depths:2 | Found a one-way gate to the infinite horrors of the Abyss.
 69613 | Depths:2 | Reached skill level 10 in Charms
 70358 | Depths:2 | Reached skill level 22 in Conjurations
 71572 | Depths:2 | Got a scorched graven amulet
 71575 | Depths:2 | Identified the amulet of the Sparrow {-Tele rF+ MR++ Regen+} (You took it off a spriggan on level 2 of the Depths)
 71603 | Depths:2 | Reached XP level 24. HP: 170/170 MP: 47/47
 71879 | Vaults:2 | Bought a +0 buckler of protection for 207 gold pieces
 73459 | Vaults:2 | Learned a level 8 spell: Lehudib's Crystal Spear
 74450 | Depths:3 | Reached skill level 5 in Necromancy
 74925 | Depths:3 | Noticed Sojobo
 74929 | Depths:3 | Killed Sojobo
 74929 | Depths:3 | Reached skill level 1 in Evocations
 75300 | Depths:3 | Reached skill level 23 in Conjurations
 75988 | Depths:4 | Found Ocwis's Distillery.
 75996 | Depths:4 | Bought a potion of haste for 130 gold pieces
 75996 | Depths:4 | Bought a potion of curing for 39 gold pieces
 76057 | Depths:4 | Found Batezu Pey's Gadget Boutique.
 76289 | Depths:4 | Found Itirph's Weapon Emporium.
 76391 | Depths:4 | Found Hikas's Jewellery Emporium.
 77714 | Depths:5 | Entered Level 5 of the Depths
 77929 | Depths:5 | Reached skill level 5 in Evocations
 77986 | Depths:5 | Found a gate to the Realm of Zot.
 78225 | Depths:5 | Reached XP level 25. HP: 164/175 MP: 27/47
 78904 | Depths:5 | Noticed Mennas
 79018 | Depths:4 | Reached skill level 10 in Necromancy
 79272 | Depths:5 | Found a gateway to a bazaar.
 79283 | Bazaar   | Entered a bazaar
 79283 | Bazaar   | Found Xusicepoc's Book Shoppe.
 79289 | Bazaar   | Found Oqoelatann's Magic Scroll Shoppe.
 79298 | Bazaar   | Bought a scroll of recharging for 104 gold pieces
 79310 | Bazaar   | Found Sexzoa's Assorted Antiques.
 79314 | Bazaar   | Found Vihikkuque's General Store.
 80270 | Depths:5 | Killed Mennas
 80317 | Depths:5 | Got a dazzling large shield
 80318 | Depths:5 | Identified the cursed -2 large shield of Too Many Cooks {-Tele +Fly Dex-3 Stlth+} (You took it off Mennas on level 5 of the Depths)
 80423 | Depths:5 | Got a polished buckler
 80424 | Depths:5 | Identified the -3 buckler of Beogh's Benevolence {rF- rN+ Int+3 Slay-3} (You acquired it on level 5 of the Depths)
 81019 | Vaults:5 | Entered Level 5 of the Vaults
 82272 | Vaults:5 | Reached XP level 26. HP: 179/185 MP: 6/47
 82575 | Vaults:5 | Reached skill level 10 in Evocations
 82807 | Vaults:5 | Identified the Catalogue of the Peculiar Tales
 82820 | Vaults:5 | Got a silver rune of Zot
 82982 | Vaults:5 | Identified the Disquisition on Execration and Black Arts
 83091 | Vaults:5 | Got a wavering steel ring
 83092 | Vaults:5 | Identified the ring "Fuddoffu" {+Fly rElec rF+ Dex-3} (You took it off a deep elf death mage on level 5 of the Vaults)
 83098 | Vaults:5 | Got a bloodstained dire flail {venom}
 83099 | Vaults:5 | Identified the +6 dire flail of Ykiperch {venom, Str+2 Int+3 Dex+4} (You took it off a deep elf death mage on level 5 of the Vaults)
 83978 | Vaults:5 | Identified the Handbook of Talismans (You found it on level 5 of the Vaults)
 83994 | Vaults:5 | Identified a +3 rod of ignition (12/12) (You found it on level 5 of the Vaults)
 84019 | Vaults:5 | Got a glittering golden ring
 84020 | Vaults:5 | Identified the ring of Wishful Thinking {rN+ Str+2} (You found it on level 5 of the Vaults)
 84504 | Vaults:2 | Bought the +0 pair of gloves of the Turtledove {rC++ rCorr Str-2 Int+2} for 622 gold pieces
 84747 | Lair:1   | Learned a level 8 spell: Necromutation
 85224 | Zot:1    | Entered Level 1 of the Realm of Zot
 85272 | Zot:1    | Reached skill level 1 in Transmutations
 85697 | Zot:1    | Reached skill level 5 in Transmutations
 86940 | Zot:2    | Reached skill level 10 in Transmutations
 88029 | Zot:3    | Reached XP level 27. HP: 191/191 MP: 47/47
 89430 | Zot:3    | Reached skill level 15 in Necromancy
 89921 | Zot:4    | Hired Syrus the orc knight for 582 gold.
 90488 | Zot:5    | Entered Level 5 of the Realm of Zot
 90497 | Zot:5    | Noticed an orb of fire
 90582 | Zot:5    | Your ally Syrus died
 90606 | Zot:4    | Killed an orb of fire
 91930 | Zot:5    | Noticed an orb of fire
 91930 | Zot:5    | Gained mutation: Your body often deteriorates upon taking damage. [an orb of fire]
 91937 | Zot:5    | Killed an orb of fire
 92150 | Zot:5    | Noticed an ancient lich
 92153 | Zot:5    | Killed an ancient lich
 92277 | Zot:5    | Noticed an ancient lich
 92366 | Zot:5    | Killed an ancient lich
 92390 | Zot:4    | Reached skill level 15 in Transmutations
 93899 | Lair:7   | Killed an acid blob
 93899 | Lair:7   | Killed an acid blob
 93972 | Slime:1  | Entered Level 1 of the Pits of Slime
 96232 | Slime:6  | Entered Level 6 of the Pits of Slime
 96320 | Slime:6  | Noticed the royal jelly
 96327 | Slime:6  | Killed the royal jelly
 97348 | Slime:6  | Got a translucent wooden ring
 97359 | Slime:6  | Got a crude platinum ring
 97362 | Slime:6  | Identified the ring "Cahoet" {EV+3 Str+4} (You found it on level 6 of the Pits of Slime)
 97363 | Slime:6  | Identified the ring "Myriezil" {*Corrode rElec MR+ Str+4} (You found it on level 6 of the Pits of Slime)
 97370 | Slime:6  | Got a bound sapphire amulet
 97381 | Slime:6  | Got a faintly humming helmet
 97384 | Slime:6  | Identified the +0 helmet of the Present {rF++ Stlth+} (You found it on level 6 of the Pits of Slime)
 97386 | Slime:6  | Identified the amulet "Ataeplagg" {rF+ rN+ Regen+} (You found it on level 6 of the Pits of Slime)
 97437 | Slime:6  | Got a transparent spear
 97439 | Slime:6  | Identified the cursed +1 spear "Conafig" {freeze, +Blink +Fly rC+++ Int-5} (You found it on level 6 of the Pits of Slime)
 97459 | Slime:6  | Got a slimy rune of Zot
 97703 | D:10     | Learned a level 6 spell: Deflect Missiles
 97861 | Crypt:1  | Entered Level 1 of the Crypt
 99723 | Crypt:3  | Entered Level 3 of the Crypt
 99864 | Crypt:3  | Found a staircase to the Tomb.
100960 | Crypt:3  | Identified a +3 rod of destruction (9/9) (You took it off a vampire mage on level 3 of the Crypt)
100972 | Crypt:3  | Found an ancient bone altar of Kikubaaqudgha.
101036 | Crypt:3  | Got a steaming brass ring
101039 | Crypt:3  | Identified the ring "Illauf" {rElec rC++ rN+ Str-5 Int+3} (You took it off a vampire on level 3 of the Crypt)
101194 | Crypt:3  | Got a vibrating silver amulet
101196 | Crypt:3  | Identified the amulet of Zeobb {Ward rN+ Str-3 Int+7 Dex+2} (You took it off a vampire on level 3 of the Crypt)
101363 | Crypt:3  | Identified the Guide on Lethal Heat
101391 | Crypt:3  | Got a translucent copper ring
101394 | Crypt:3  | Identified the ring "Ynasousu" {rPois rN+ Str+2 Int-3} (You took it off a skeletal warrior on level 3 of the Crypt)
101667 | Tomb:1   | Entered Level 1 of the Tomb of the Ancients
102108 | Tomb:1   | Noticed Khufu
102111 | Tomb:1   | Killed Khufu
103342 | Tomb:1   | Reached skill level 15 in Dodging
105709 | Tomb:3   | Entered Level 3 of the Tomb of the Ancients
105742 | Tomb:3   | Noticed an ancient lich
105744 | Tomb:3   | Killed an ancient lich
106204 | Tomb:3   | Reached skill level 24 in Spellcasting
106214 | Tomb:3   | Noticed an ancient lich
106215 | Tomb:3   | Killed an ancient lich
106382 | Tomb:3   | Noticed Frederick
106389 | Tomb:3   | Killed Frederick
106484 | Tomb:3   | Got a golden rune of Zot
106636 | Tomb:3   | Identified the Guide on Hexes
106646 | Tomb:3   | Identified the Collected Works on Shifting Summoning
106656 | Tomb:3   | Identified the Grimoire of Helpful Attacks
106661 | Tomb:3   | Got a fine gossamer ring
106666 | Tomb:3   | Identified the ring "Qinida" {rElec EV+4} (You found it on level 3 of the Tomb of the Ancients)
107441 | Depths:1 | Learned a level 4 spell: Passage of Golubria
107444 | Depths:1 | Learned a level 2 spell: Blink
107596 | Pan      | Entered Pandemonium
107763 | Pan      | Reached skill level 15 in Evocations
107868 | Pan      | Found an exit through the horrors of the Abyss.
108023 | Pan      | Noticed Orphomubb the pandemonium lord
108034 | Pan      | Killed Orphomubb the pandemonium lord
108823 | Pan      | Found an exit through the horrors of the Abyss.
109330 | Pan      | Found an exit through the horrors of the Abyss.
109498 | Pan      | Noticed Qetiq the pandemonium lord
109502 | Pan      | Killed Qetiq the pandemonium lord
110689 | Pan      | Found a huge runed gate.
110711 | Pan      | Noticed Ilem the pandemonium lord
110714 | Pan      | Killed Ilem the pandemonium lord
110941 | Pan      | Found a glowing silver altar of Zin.
112891 | Pan      | Reached skill level 25 in Spellcasting
113221 | Pan      | Found a glowing golden altar of the Shining One.
113232 | Pan      | Noticed a seraph
113236 | Pan      | Killed a seraph
113355 | Pan      | Got a distressingly furry cloak
113356 | Pan      | Identified the cursed +0 cloak of the Hidden Ships {rPois rF- rCorr Str+4} (You found it in Pandemonium)
113359 | Pan      | Got a demonic rune of Zot
113467 | Pan      | Got a scorched falchion {holy}
113469 | Pan      | Identified the +8 falchion of Disintegration {holy, Int+2} (You took it off an angel in Pandemonium)
113531 | Pan      | Reached skill level 1 in Long Blades
114458 | Pan      | Found a white marble altar of Elyvilon.
115006 | Pan      | Reached skill level 5 in Long Blades
115607 | Pan      | Found an exit through the horrors of the Abyss.
115626 | Pan      | Noticed Weacke the pandemonium lord
115630 | Pan      | Killed Weacke the pandemonium lord
115657 | Pan      | Entered the realm of Mnoleg.
115817 | Pan      | Found an exit through the horrors of the Abyss.
116606 | Pan      | Noticed Mnoleg
116612 | Pan      | Killed Mnoleg
116728 | Pan      | Got a glowing rune of Zot
116945 | Pan      | Took an exit into the Abyss.
116945 | Abyss:1  | Escaped into the Abyss
117911 | Abyss:2  | Learned a level 6 spell: Statue Form
117994 | Abyss:2  | Reached skill level 10 in Long Blades
121132 | Abyss:2  | Found a shimmering altar of Xom.
121248 | Depths:3 | Escaped the Abyss
121355 | Depths:2 | Voluntarily entered the Abyss.
121379 | Abyss:1  | Paralysed by accursed screaming for 1 turns
121386 | Abyss:1  | Reached skill level 15 in Long Blades
121758 | Abyss:1  | Noticed an ancient lich
121763 | Abyss:1  | Killed an ancient lich
121793 | Depths:2 | Escaped the Abyss
121949 | Depths:3 | Got a jewelled great sword
121951 | Depths:3 | Identified the +2 great sword of Wyrd {venom, *Contam +Rage Int+2} (You found it on level 3 of the Depths)
122347 | Vaults:5 | Got a slimy long sword {speed}
122349 | Vaults:5 | Identified the +8 long sword "Saafudifov" {speed, Stlth+} (You took it off a salamander stormcaller on level 5 of the Vaults)
122709 | Depths:2 | Voluntarily entered the Abyss.
122713 | Abyss:1  | Found a corrupted altar of Lugonu.
122713 | Abyss:1  | Found a corrupted altar of Lugonu.
123478 | Abyss:1  | Found a blossoming altar of Fedhas.
123726 | Abyss:1  | Got a scorched tin ring
123727 | Abyss:1  | Identified the ring of Jaatton {Wiz -Tele MP+9 SInv Stlth+} (You found it on level 1 of the Abyss)
123765 | Abyss:1  | Found a corrupted altar of Lugonu.
124245 | Abyss:1  | Identified the Catalogue of Weightlessness
124872 | Abyss:2  | Got a steaming bone ring
125373 | Abyss:4  | Paralysed by you for 5 turns
125800 | Abyss:4  | Reached skill level 26 in Spellcasting
125837 | Abyss:4  | Found a corrupted altar of Lugonu.
125852 | Abyss:4  | Got an abyssal rune of Zot
125927 | Abyss:4  | Found an ancient bone altar of Kikubaaqudgha.
126080 | Depths:2 | Escaped the Abyss
126452 | Vaults:5 | Noticed emiel's ghost (adept GrAs)
126456 | Vaults:5 | Killed emiel's ghost
127068 | Depths:1 | Identified the ring "Cusisera" {rPois SInv} (You took it off an efreet on level 2 of the Abyss)
127165 | Pan      | Entered Pandemonium
127271 | Pan      | Entered the realm of Lom Lobon.
127791 | Pan      | Found an exit through the horrors of the Abyss.
128004 | Pan      | Noticed Lom Lobon
128012 | Pan      | Killed Lom Lobon
128012 | Pan      | Reached skill level 10 in Air Magic
128208 | Pan      | Got a magical rune of Zot
128601 | Pan      | Found a gateway to a ziggurat.
128614 | Zig:1    | Entered Level 1 of a ziggurat
128686 | Zig:2    | Entered Level 2 of a ziggurat
128686 | Zig:2    | Noticed a juggernaut
128688 | Zig:2    | Killed a juggernaut
128714 | Zig:3    | Entered Level 3 of a ziggurat
128740 | Zig:4    | Entered Level 4 of a ziggurat
128806 | Zig:5    | Entered Level 5 of a ziggurat
128884 | Zig:6    | Entered Level 6 of a ziggurat
128923 | Zig:7    | Entered Level 7 of a ziggurat
128951 | Zig:7    | Got a pitted lead ring
128961 | Zig:7    | Identified the ring "Cexzyderph" {rElec rPois MR+ SInv Stlth+} (You found it on level 7 of a ziggurat)
128979 | Zig:7    | Got a pair of smoking gloves
128982 | Zig:7    | Identified the cursed +0 pair of gloves of Butepaa Qough {*Corrode rC++ Str+3 Stlth+} (You found it on level 7 of a ziggurat)
128989 | Zig:7    | Got a translucent glass ring
128994 | Zig:7    | Identified the ring of Autumn {Ice -Tele Dex+5 SInv} (You found it on level 7 of a ziggurat)
129010 | Zig:8    | Entered Level 8 of a ziggurat
129157 | Zig:9    | Entered Level 9 of a ziggurat
129297 | Zig:9    | Got a slimy hat
129298 | Zig:9    | Identified the +0 hat "Qeashryin" {rN+ Regen+ Dex-2 SInv} (You acquired it on level 9 of a ziggurat)
129342 | Zig:10   | Entered Level 10 of a ziggurat
129380 | Zig:10   | Identified Baemease's Incunabulum of Quantum Creation
129387 | Zig:10   | Got a warped turquoise ring
129388 | Zig:10   | Identified the ring of Illam {rPois MP-9 Int+4 Dex+5 SInv} (You found it on level 10 of a ziggurat)
129487 | Zig:11   | Entered Level 11 of a ziggurat
129498 | Zig:11   | Noticed Zeoruaj the pandemonium lord
129500 | Zig:11   | Noticed Kyavumeh the pandemonium lord
129502 | Zig:11   | Killed Zeoruaj the pandemonium lord
129503 | Zig:11   | Killed Kyavumeh the pandemonium lord
129637 | Zig:12   | Entered Level 12 of a ziggurat
129646 | Zig:12   | Noticed Uhlv's ghost (legendary HOFi)
129664 | Zig:12   | Killed Uhlv's ghost
129724 | Zig:12   | Got a fine silver amulet
129725 | Zig:12   | Identified the amulet "Loclo" {rC- MR+ Regen+ Str+5 SInv} (You found it on level 12 of a ziggurat)
129728 | Zig:12   | Got a ring of the Octopus King
129729 | Zig:12   | Identified a ring of the Octopus King {rF+ AC+1 EV+1 Str+1 Int+1 Dex+1} (You found it on level 12 of a ziggurat)
129746 | Zig:12   | Got a brightly glowing bone ring
129747 | Zig:12   | Identified the ring of Feveppe {MP+9 Int+3 Slay+2} (You found it on level 12 of a ziggurat)
129844 | Zig:13   | Entered Level 13 of a ziggurat
130052 | Zig:13   | Reached skill level 15 in Air Magic
130066 | Zig:14   | Entered Level 14 of a ziggurat
130155 | Zig:14   | Identified Risu Doil's Grimoire of Toxins
130299 | Zig:14   | Learned a level 9 spell: Tornado
130308 | Zig:15   | Entered Level 15 of a ziggurat
130461 | Zig:16   | Entered Level 16 of a ziggurat
130603 | Zig:16   | Got a bloodstained robe
130604 | Zig:16   | Identified the cursed +0 robe "Bayquah" {*Corrode rF+ Str+4 SInv} (You found it on level 16 of a ziggurat)
130694 | Zig:17   | Entered Level 17 of a ziggurat
130750 | Zig:17   | Got a fine tin ring
130769 | Zig:17   | Identified the ring of Fuitie Myguu {+/*Tele rC++ MR-} (You found it on level 17 of a ziggurat)
130839 | Zig:18   | Entered Level 18 of a ziggurat
130907 | Zig:18   | Got a scorched iron ring
130908 | Zig:18   | Identified the ring of Panwaoss {Dex+4 Slay+2} (You found it on level 18 of a ziggurat)
130920 | Zig:18   | Identified Pakughyr's Advanced Spellcasting
130943 | Zig:18   | Got an ancient lead ring
130944 | Zig:18   | Identified the ring "Syciggo" {+Blink MP+9} (You found it on level 18 of a ziggurat)
131082 | Zig:19   | Entered Level 19 of a ziggurat
131181 | Zig:19   | Got a scorched amber ring
131182 | Zig:19   | Identified the ring of Vaint {rF+ rN+ Str+3 Int+3} (You found it on level 19 of a ziggurat)
131190 | Zig:19   | Got a translucent zirconium amulet
131192 | Zig:19   | Identified the amulet of Xiyhiuf {Spirit MR+ Stlth+} (You found it on level 19 of a ziggurat)
131232 | Zig:20   | Entered Level 20 of a ziggurat
131250 | Zig:20   | Noticed a juggernaut
131251 | Zig:20   | Killed a juggernaut
131252 | Zig:20   | Noticed a juggernaut
131253 | Zig:20   | Noticed a juggernaut
131254 | Zig:20   | Noticed a juggernaut
131254 | Zig:20   | Killed a juggernaut
131254 | Zig:20   | Killed a juggernaut
131255 | Zig:20   | Noticed a juggernaut
131256 | Zig:20   | Killed a juggernaut
131257 | Zig:20   | Killed a juggernaut
131259 | Zig:20   | Noticed a juggernaut
131259 | Zig:20   | Killed a juggernaut
131259 | Zig:20   | Killed a juggernaut
131289 | Zig:20   | Got a vibrating iron ring
131290 | Zig:20   | Identified the ring "Xickoal" {MP+9 Str+5 Dex+4} (You found it on level 20 of a ziggurat)
131382 | Zig:21   | Entered Level 21 of a ziggurat
131440 | Zig:21   | Got a scintillating jade ring
131441 | Zig:21   | Identified the ring "Apa Mae" {Fire +Fly rN+ Int-4 Stlth+} (You found it on level 21 of a ziggurat)
131462 | Zig:21   | Got a flickering steel ring
131463 | Zig:21   | Identified the ring of Amaphasilu {+/*Tele rPois rF+ Str+4} (You found it on level 21 of a ziggurat)
131528 | Zig:22   | Entered Level 22 of a ziggurat
131660 | Zig:22   | Got an ichor-stained robe
131662 | Zig:22   | Identified the +2 robe of Grace {rN+} (You found it on level 22 of a ziggurat)
131678 | Zig:22   | Gained mutation: You have very sharp teeth. [potion of beneficial mutation]
131707 | Zig:23   | Entered Level 23 of a ziggurat
131788 | Zig:23   | Got a steaming graven amulet
131789 | Zig:23   | Identified the amulet of Harmony {Stasis rElec Dex+3 Stlth+} (You found it on level 23 of a ziggurat)
131798 | Zig:23   | Got a bound amber ring
131800 | Zig:23   | Identified the ring "Haisoiqi" {SustAt MR++} (You found it on level 23 of a ziggurat)
131856 | Zig:24   | Entered Level 24 of a ziggurat
131879 | Zig:24   | Reached skill level 27 in Spellcasting
131979 | Zig:24   | Got a coiled silver ring
131987 | Zig:24   | Gained mutation: You are somewhat resistant to further mutation. [potion of beneficial mutation]
131992 | Zig:24   | Identified the ring of Uniorr {Str+2 Stlth+} (You found it on level 24 of a ziggurat)
132003 | Zig:24   | Got a fine amber ring
132004 | Zig:24   | Identified the ring "Xemab" {rC+ MP+9} (You found it on level 24 of a ziggurat)
132023 | Zig:25   | Entered Level 25 of a ziggurat
132101 | Zig:25   | Identified a +4 rod of shadows (14/14) (You found it on level 25 of a ziggurat)
132172 | Zig:26   | Entered Level 26 of a ziggurat
132172 | Zig:26   | Noticed WereVolvo's ghost (legendary GrVM)
132178 | Zig:26   | Killed WereVolvo's ghost
132421 | Zig:26   | Got a transparent pewter amulet
132424 | Zig:26   | Identified the amulet "Gewkem" {+Rage MR- Int+3 Dex+9 Slay+3} (You found it on level 26 of a ziggurat)
132429 | Zig:26   | Reached skill level 27 in Dodging
132434 | Zig:26   | Got a vibrating lead ring
132435 | Zig:26   | Identified the ring "Fodig" {+Inv EV+2 Slay+3} (You found it on level 26 of a ziggurat)
132469 | Zig:27   | Entered Level 27 of a ziggurat
132537 | Zig:27   | Got a brightly glowing jade ring
132538 | Zig:27   | Identified the ring of Sin {Ice MR+ Str+3 Stlth+} (You found it on level 27 of a ziggurat)
132846 | Depths:3 | Escaped Pandemonium
132848 | Pan      | Entered the realm of Cerebov.
132848 | Pan      | Entered Pandemonium
132917 | Pan      | Got a heavily runed copper ring
132918 | Pan      | Identified the ring of Pyromania {+/*Tele +Blink rF- rN+ Str+5} (You found it in Pandemonium)
133380 | Pan      | Reached skill level 27 in Fighting
133511 | Pan      | Noticed Cerebov
133521 | Pan      | Killed Cerebov
133521 | Pan      | Reached skill level 27 in Conjurations
133521 | Pan      | Reached skill level 5 in Stealth
133593 | Pan      | Got a fiery rune of Zot
133778 | Pan      | Got a pair of polished gloves
133797 | Pan      | Identified the cursed +0 pair of gloves of the Equinox {MR- Int+5 Dex+4} (You found it in Pandemonium)
133895 | Pan      | Found an exit through the horrors of the Abyss.
133914 | Pan      | Found an exit through the horrors of the Abyss.
134244 | Pan      | Noticed Myengurr the pandemonium lord
134251 | Pan      | Killed Myengurr the pandemonium lord
134825 | Pan      | Noticed Zusa the pandemonium lord
135046 | Pan      | Found an exit through the horrors of the Abyss.
135313 | Pan      | Entered the realm of Gloorx Vloq.
135452 | Pan      | Got a warped iron ring
135528 | Pan      | Found an exit through the horrors of the Abyss.
135609 | Pan      | Found a gateway to a ziggurat.
136118 | Pan      | Noticed Gloorx Vloq
136122 | Pan      | Killed Gloorx Vloq
136152 | Pan      | Got a dark rune of Zot
136381 | Pan      | Reached skill level 10 in Stealth
136471 | Pan      | Found an exit through the horrors of the Abyss.
136493 | Pan      | Identified the ring of Kuodeag {+/*Tele Str+2 Dex+4 Stlth+} (You found it in Pandemonium)
136620 | Pan      | Noticed Gipn the pandemonium lord
136621 | Pan      | Killed Gipn the pandemonium lord
137008 | Pan      | Found an exit through the horrors of the Abyss.
137209 | Pan      | Found an exit through the horrors of the Abyss.
137218 | Pan      | Took an exit into the Abyss.
137218 | Abyss:1  | Escaped into the Abyss
137461 | Depths:3 | Escaped the Abyss
137539 | Hell     | Entered the Vestibule of Hell
137539 | Hell     | Noticed Murray
137539 | Hell     | Noticed Geryon
137545 | Hell     | Reached skill level 10 in Earth Magic
137554 | Hell     | Killed Murray
137557 | Hell     | Killed Geryon
137808 | Hell     | Found a gateway to the freezing wastes of Cocytus.
137878 | Hell     | Found a gateway to the ashen valley of Gehenna.
137954 | Hell     | Found a gateway to the decaying netherworld of Tartarus.
138072 | Hell     | Found a gateway to the Iron City of Dis.
138227 | Tar:1    | Entered Level 1 of Tartarus
139490 | Tar:7    | Entered Level 7 of Tartarus
139521 | Tar:7    | Noticed an ancient lich
139524 | Tar:7    | Killed an ancient lich
139666 | Tar:7    | Noticed Ereshkigal
139672 | Tar:7    | Killed Ereshkigal
139704 | Tar:7    | Got a bone rune of Zot
139733 | Tar:7    | Noticed an ancient lich
139735 | Tar:7    | Killed an ancient lich
139760 | Tar:7    | Noticed an ancient lich
139764 | Tar:7    | Killed an ancient lich
139958 | Dis:1    | Entered Level 1 of the Iron City of Dis
140381 | Dis:1    | Reached skill level 15 in Stealth
140803 | Dis:5    | You fall through a shaft!
140930 | Dis:7    | Entered Level 7 of the Iron City of Dis
141373 | Dis:7    | Reached skill level 27 in Fire Magic
141438 | Dis:7    | Got a translucent shield
141440 | Dis:7    | Identified the +7 shield "Edyupner" {MR+ Int+3} (You found it on level 7 of the Iron City of Dis)
141912 | Dis:7    | Noticed Dispater
141926 | Dis:7    | Killed Dispater
141950 | Dis:7    | Got a brightly glowing bone amulet
141953 | Dis:7    | Identified the amulet "Ypnaur" {Ward rN+ Dex+6} (You found it on level 7 of the Iron City of Dis)
141962 | Dis:7    | Got an iron rune of Zot
142168 | Geh:1    | Entered Level 1 of Gehenna
142589 | Geh:7    | Entered Level 7 of Gehenna
143014 | Geh:7    | Noticed Asmodeus
143018 | Geh:7    | Killed Asmodeus
143033 | Geh:7    | Got an obsidian rune of Zot
143083 | Geh:7    | Got a bound steel ring
143285 | Coc:1    | Entered Level 1 of Cocytus
143644 | Coc:7    | Entered Level 7 of Cocytus
143990 | Coc:7    | Noticed the Serpent of Hell
143994 | Coc:7    | Killed the Serpent of Hell
144107 | Coc:7    | Noticed Antaeus
144123 | Coc:7    | Killed Antaeus
144173 | Coc:7    | Got an icy rune of Zot
144204 | Coc:7    | Identified the ring "Gosk" {rF+ Int+2} (You found it on level 7 of Gehenna)
144624 | Zot:5    | Noticed an orb of fire
144643 | Zot:5    | Killed an orb of fire
144810 | Zot:5    | Noticed an orb of fire
144813 | Zot:5    | Killed an orb of fire
144834 | Zot:5    | Noticed an ancient lich
144840 | Zot:5    | Killed an ancient lich
144880 | Zot:5    | Noticed an orb of fire
144892 | Zot:5    | Killed an orb of fire
145065 | Zot:5    | Got the Orb of Zot
145081 | Zot:5    | Noticed Boeneuchuo the pandemonium lord
145281 | Depths:4 | Noticed Zuhusesi the pandemonium lord
145283 | Depths:4 | Killed Zuhusesi the pandemonium lord
145300 | Depths:4 | Noticed Buarchyt the pandemonium lord
145315 | Depths:4 | Reached skill level 27 in Evocations
145322 | Depths:4 | Killed Buarchyt the pandemonium lord
145426 | D:15     | Noticed Akuph the pandemonium lord
145429 | D:15     | Killed Akuph the pandemonium lord
145765 | D:$      | Escaped with the Orb!

Action                   |  1- 3 |  4- 6 |  7- 9 | 10-12 | 13-15 | 16-18 | 19-21 | 22-24 | 25-27 || total
-------------------------+-------+-------+-------+-------+-------+-------+-------+-------+-------++-------
Melee: Short sword       |    33 |       |       |       |       |       |       |       |       ||    33
       Whip              |     9 |    48 |     7 |    41 |       |       |       |       |       ||   105
       Rapier            |       |       |       |    90 |       |       |       |       |       ||    90
       Staff             |       |       |       |     2 |    14 |    16 |    28 |    54 |   112 ||   226
       Eudemon blade     |       |       |       |       |       |       |       |       |  1419 ||  1419
       Long sword        |       |       |       |       |       |       |       |       |   247 ||   247
 Cast: Magic Dart        |    71 |    65 |   114 |   333 |   702 |   453 |   180 |    25 |    11 ||  1954
       Searing Ray       |     2 |    15 |    36 |    31 |       |       |       |       |       ||    84
       Iskenderun's Batt |       |       |    18 |    76 |   142 |   114 |    40 |     2 |     1 ||   393
       Bolt of Fire      |       |       |       |    46 |   140 |   179 |   189 |   366 |  1760 ||  2680
       Repel Missiles    |       |       |       |     2 |       |     4 |     4 |     1 |     3 ||    14
       Force Lance       |       |       |       |    31 |   208 |    71 |    96 |    41 |     3 ||   450
       Bolt of Draining  |       |       |       |       |     4 |     1 |     1 |       |       ||     6
       Iron Shot         |       |       |       |       |    37 |   133 |   275 |   272 |  1600 ||  2317
       Poisonous Cloud   |       |       |       |       |    20 |    70 |     7 |     1 |       ||    98
       Freezing Cloud    |       |       |       |       |     4 |     8 |   110 |    31 |     4 ||   157
       Ozocubu's Armour  |       |       |       |       |       |     1 |     3 |       |    68 ||    72
       Fire Storm        |       |       |       |       |       |       |       |    42 |   531 ||   573
       Haste             |       |       |       |       |       |       |       |     2 |    65 ||    67
       Lehudib's Crystal |       |       |       |       |       |       |       |     5 |   161 ||   166
       Necromutation     |       |       |       |       |       |       |       |       |   241 ||   241
       Tornado           |       |       |       |       |       |       |       |       |    38 ||    38
       Regeneration      |       |       |       |       |       |       |       |       |    29 ||    29
       Passage of Golubr |       |       |       |       |       |       |       |       |    11 ||    11
       Deflect Missiles  |       |       |       |       |       |       |       |       |     9 ||     9
       Statue Form       |       |       |       |       |       |       |       |       |     5 ||     5
 Abil: End Transformatio |       |       |       |       |       |       |       |       |    11 ||    11
Evoke: Wand              |       |       |       |     1 |       |     2 |       |       |    30 ||    33
       Staff of energy   |       |       |       |       |       |       |       |       |  2736 ||  2736
       Crystal ball of e |       |       |       |       |       |       |       |       |    33 ||    33
       Deck              |       |       |       |       |       |       |       |       |     4 ||     4
       Lamp of fire      |       |       |       |       |       |       |       |       |     1 ||     1
  Use: Scroll            |     2 |     6 |     3 |    14 |    13 |     9 |    17 |     9 |   119 ||   192
       Potion            |       |       |       |     7 |     3 |       |     7 |     1 |    54 ||    72
 Stab: Sleeping          |     1 |     5 |       |       |       |     1 |       |       |     4 ||    11
       Invisible         |       |       |       |     1 |       |       |       |       |       ||     1
       Distracted        |       |       |       |       |       |       |       |       |    16 ||    16
  Eat: Chunk             |     4 |     8 |    13 |    42 |    98 |    74 |    46 |    54 |    63 ||   402
       Pizza             |       |     1 |       |     1 |     2 |       |       |     2 |     4 ||    10
       Fruit             |       |       |     3 |     7 |     4 |     3 |     3 |     3 |    11 ||    34
       Royal jelly       |       |       |     2 |     1 |     1 |       |       |       |    10 ||    14
       Beef jerky        |       |       |       |     2 |     5 |       |       |     2 |     8 ||    17
       Meat ration       |       |       |       |     1 |       |    10 |     5 |       |    29 ||    45
